 Dungeon Crawl Stone Soup version 0.27-a0-1140-g099f9bb0e8 (webtiles) character file.

Game seed: 353050462483909291

575 reriks the Skirmisher (level 7, -5/76 HPs)
             Began as an Ogre Fighter on May 8, 2021.
             Was an Initiate of Qazlal.
             Slain by a gnoll sergeant
             ... wielding a +0 spear
              (8 damage)
             ... on level 5 of the Dungeon.
             The game lasted 00:05:40 (4314 turns).

reriks the Skirmisher (Ogre Fighter)                Turns: 4314, Time: 00:05:40

Health: -5/76      AC:  5    Str: 23    XL:     7   Next: 35%
Magic:  7/7        EV:  8    Int:  9    God:    Qazlal [......]
Gold:   294        SH: 14    Dex:  8    Spells: 6/6 levels left

rFire    . . .     SeeInvis .   k - +2 war axe (vamp)
rCold    . . .     Faith    .   c - +0 kite shield
rNeg     + . .     Spirit   .   v - +0 troll leather armour {Purgy}
rPois    +         Reflect  +   (helmet restricted)
rElec    .         Harm     .   n - scarf {+Inv}
rCorr    .         Rampage  .   (gloves unavailable)
Will     .....                  (boots unavailable)
Stlth    +.........             f - amulet of reflection
HPRegen  1.22/turn              t - ring of poison resistance
MPRegen  0.10/turn              i - ring of positive energy

@: mighty
A: large, unfitting armour, tough skin 1
a: Renounce Religion, Evoke Invisibility


You were on level 5 of the Dungeon.
You worshipped Qazlal.
Qazlal was noncommittal.
You visited 2 branches of the dungeon, and saw 6 of its levels.
You also visited: Sewer.

You collected 294 gold pieces.

Inventory:

Hand Weapons
 a - a +0 war axe of flaming
 k - a +2 vampiric war axe (weapon)
 o - a +0 hand axe of electrocution
Armour
 b - a +0 robe
 c - a +0 kite shield (worn)
 n - a scarf of invisibility (worn)
 v - a +0 troll leather armour (worn) {Purgy}
Jewellery
 f - an amulet of reflection (around neck)
 i - a ring of positive energy (right hand)
 t - a ring of poison resistance (left hand)
 y - an amulet of magic regeneration
Scrolls
 m - a scroll of amnesia
 p - a scroll of identify
 q - a scroll of fear
 r - 2 scrolls of holy word
Potions
 d - a potion of might
 e - 3 potions of degeneration
 g - a potion of invisibility
 h - a potion of flight {unknown}
 j - a potion of attraction
 l - 2 potions of heal wounds {unknown}
 s - a potion of magic {unknown}
 u - a potion of cancellation {unknown}
 w - a potion of haste {unknown}
 x - 2 potions of brilliance {unknown}


   Skills:
 + Level 6.3 Fighting
 + Level 4.2 Axes
 + Level 4.4 Dodging
 + Level 4.3 Shields


You had 6 spell levels left.
You didn't know any spells.
Your spell library contained the following spells:

 Spells                   Type           Power      Damage    Failure   Level
 Confusing Touch          Hex            0%         N/A       98%         3
 Gell's Gravitas          Tloc           0%         N/A       98%         3
 Petrify                  Tmut/Erth      0%         N/A       100%        4
 Metabolic Englaciation   Hex/Ice        0%         N/A       100%        5
 Yara's Violent Unravell  Hex/Tmut       0%         3d3       100%        5


Dungeon Overview and Level Annotations

Branches:
Dungeon (5/15)             Temple (1/1) D:5           Sewer (visited)

Altars:
Ashenzari
Cheibriados
Dithmenos
Elyvilon
Fedhas
Gozag
Makhleb
Nemelex Xobeh
Okawaru
Qazlal
Ru
Uskayaw
Vehumet
Wu Jian
Xom
Yredelemnul
Zin
The Shining One

Shops:
D:1 (?   D:3 *

Annotations:
D:5 2 runed translucent doors, RemovedPizza's ghost, weakling HODe


Innate Abilities, Weirdness & Mutations

You are too large for most types of armour.
You have tough skin. (AC +1)


Message History

The scorpion is almost dead.
You closely miss the iguana. You hit the gnoll.
You feel better. The scorpion stings you.
You are poisoned.
The scorpion poisons you! The gnoll barely misses you.
You block the gnoll's attack.
The gnoll sergeant hits you from afar with a +0 spear.
The iguana bites you. You block the scorpion's attack.
The gnoll hits you from afar with a +0 spear.
You are too injured to fight recklessly!
You are too injured to fight recklessly!
You are too injured to fight recklessly!
You are too injured to fight recklessly!
You are too injured to fight recklessly!
You are too injured to fight recklessly!
You feel sick. You block the gnoll's attack.
You barely miss the gnoll.
The gnoll is almost dead.
You feel sick. You block the gnoll sergeant's attack.
The gnoll hits you but does no damage.
The gnoll sergeant hits you from afar with a +0 spear!
* * * LOW HITPOINT WARNING * * *
You feel very mighty all of a sudden.
You feel sick. The gnoll closely misses you.
The gnoll sergeant hits you from afar with a +0 spear.
* * * LOW HITPOINT WARNING * * *
You barely miss the gnoll.
The gnoll is severely wounded.
You feel sick. The gnoll hits you with a +0 whip.
* * * LOW HITPOINT WARNING * * *
The gnoll sergeant hits you from afar with a +0 spear!
* * * LOW HITPOINT WARNING * * *
The gnoll hits you with a +0 whip.
* * * LOW HITPOINT WARNING * * *
You barely miss the gnoll.
The gnoll is severely wounded.
You feel sick.
You are no longer poisoned.
The gnoll sergeant hits you from afar with a +0 spear!
You die...

....$...##.##.
............. .
............#.#
.......?......#
........$.....#
......Og....#
......lgs...# #g# #@#
######.#########
#...............+
#.##.####...#####
.##.####...#####
>......'........
#........####.......#
#...................#
#...................#


You could see an ogre, a gnoll sergeant, a scorpion, an iguana and 2 gnolls.

Vanquished Creatures
  A water moccasin (D:4)
  Purgy (Sewer)
  An ogre (D:5)
  2 howler monkeys
  A hound (D:2)
  Robin (D:2)
  5 adders
  A gnoll (D:5)
  An ufetubus (D:4)
  2 worms
  A dart slug (D:3)
  3 orcs (D:5)
  4 endoplasms
  6 giant cockroaches
  12 goblins
  5 hobgoblins (D:2)
  7 jackals
  13 kobolds
  8 quokkas
  7 ball pythons
  10 bats
  7 frilled lizards
  A jackal skeleton (D:4)
  4 rats
104 creatures vanquished.

Vanquished Creatures (others)
  10 fungi (D:4)
10 creatures vanquished.

Grand Total: 114 creatures vanquished

Notes
Turn   | Place    | Note
-------+----------+-------------------------------------------
     0 | D:1      | reriks the Ogre Fighter began the quest for the Orb.
     0 | D:1      | Reached XP level 1. HP: 24/24 MP: 1/1
   240 | D:1      | Reached XP level 2. HP: 18/32 MP: 2/2
   663 | D:1      | Found Ressoeloi's Weapon Shop.
   869 | D:1      | Found Duser's Magic Scroll Emporium.
  1505 | D:2      | Reached XP level 3. HP: 39/40 MP: 3/3
  1799 | D:2      | Reached XP level 4. HP: 49/49 MP: 4/4
  1918 | D:2      | Noticed Robin
  1939 | D:2      | Killed Robin
  2143 | D:2      | Found a faded altar of an unknown god.
  2343 | D:3      | Found Liwo Yfi's Assorted Antiques.
  2361 | D:2      | Reached skill level 5 in Fighting
  2361 | D:2      | Reached XP level 5. HP: 54/57 MP: 5/5
  2691 | D:3      | Found a glowing drain.
  2705 | Sewer    | Entered a sewer
  2736 | Sewer    | Noticed Purgy
  2750 | Sewer    | Killed Purgy
  2751 | Sewer    | Reached XP level 6. HP: 48/66 MP: 6/6
  3308 | D:4      | Noticed a water moccasin
  3314 | D:4      | Killed a water moccasin
  3384 | D:4      | Found a sacrificial altar of Ru.
  3500 | D:4      | Reached skill level 6 in Fighting
  3500 | D:4      | Reached XP level 7. HP: 67/75 MP: 7/7
  3916 | D:5      | Entered Level 5 of the Dungeon
  3973 | D:5      | Found a runed translucent door.
  3993 | D:5      | Found a runed translucent door.
  3994 | D:5      | Noticed RemovedPizza's ghost (weakling HODe)
  4077 | D:5      | Found a staircase to the Ecumenical Temple.
  4122 | D:5      | Found a radiant altar of Vehumet.
  4160 | Temple   | Entered the Ecumenical Temple
  4279 | D:5      | Found a stormy altar of Qazlal.
  4292 | D:5      | Became a worshipper of Qazlal Stormbringer
  4313 | D:5      | HP: 3/76 [gnoll/+0 whip (5)]
  4314 | D:5      | Slain by a gnoll sergeant

Illustrated notes

Levels and vault maps discovered:
D:1:      heliophobic_arrival_glass_houses, layout_loops_cross, serial_shops,
          shop, shop, serial_forest, infiniplex_forest_straight_3,
          infiniplex_forest_lined_room_3, infiniplex_forest_clump_long,
          infiniplex_forest_straight_2, infiniplex_forest_fountain,
          infiniplex_forest_straight_1, infiniplex_forest_end_2,
          infiniplex_forest_lined_3_way
D:2:      layout_loops_ring, basic_ecumenical_altar, serial_rivers,
          chequers_serial_rivers_large_b, chequers_serial_rivers_small_a,
          chequers_serial_rivers_small_3, chequers_serial_rivers_micro_d,
          chequers_serial_rivers_micro_b, moated_statue, uniq_robin
D:3:      layout_rooms, portal_sewer_entry_f, serial_shops,
          nicolae_shop_overgrown_old_shop
D:4:      layout_basic, nicolae_overflow_crystal_walls, serial_aquarium,
          aquarium_bridge_straight [aquarium_subvault_bridge,
          aquarium_subvault_window, aquarium_subvault_bridge,
          aquarium_subvault_wall], aquarium_window_1, aquarium_window_3,
          aquarium_window_fake, aquarium_window_2, aquarium_view_2g,
          aquarium_balcony_5a, minivault_19
D:5:      layout_basic, grunt_temple_overflow_open, temple_pool_b,
          ebering_ghost_sewer_f, uniq_crazy_yiuf_cottage
Temple:   eino_wide_crystal_templ

Skill      XL: |  1  2  3  4  5  6  7 |
---------------+----------------------+-----
Dodging        | 3 4 |  4.4
Shields        | 3 4 |  4.3
Fighting       | 5 6 |  6.3
Axes           | 3 4 |  4.2

Action                   |  1- 3 |  4- 6 |  7- 9 || total
-------------------------+-------+-------+-------++-------
Melee: War axe           |   115 |   194 |    22 ||   331
  Use: Scroll            |     2 |    10 |       ||    12
       Potion            |       |       |     1 ||     1
Armor: Robe              |    35 |    50 |       ||    85
       Troll leather arm |       |    21 |     7 ||    28
Dodge: Dodged            |    50 |    80 |    10 ||   140
Block: Kite shield       |    99 |   184 |    24 ||   307
       Reflection        |     4 |       |       ||     4

Table legend: (Time is in decaauts)
 A = Elapsed time spent in this place.
 B = Non-inter-level travel time spent in this place.
 C = Inter-level travel time spent in this place.
 D = Time resting spent in this place.
 E = Time spent auto-exploring this place.
 F = Levels seen in this place.
 G = Mean time per level.
                   A        B        C        D        E       F      G
               +--------+--------+--------+--------+--------+-----+--------+
         Total |   4532 |   4308 |    224 |    286 |   3155 |   7 |  647.4 |
       Dungeon |   4268 |   4066 |    202 |    286 |   2976 |   5 |  853.6 |
        Temple |     73 |     51 |     22 |      0 |     50 |   1 |   73.0 |
         Sewer |    189 |    189 |      0 |      0 |    129 |   1 |  189.0 |
               +--------+--------+--------+--------+--------+-----+--------+

Top non-repeatable levels by time:
     D:1: 1284 daAuts
     D:2: 1216 daAuts
     D:4: 761 daAuts
     D:3: 668 daAuts
     D:5: 337 daAuts
   Sewer: 189 daAuts
  Temple: 73 daAuts
